 Dungeon Crawl Stone Soup version 0.31-a0-1059-g83d41fd8b6 (webtiles) character file.

Game seed: 11399757576698106805

13414 ChronoRanger the Spear-Bearer (level 11, -3/103 HPs)
             Began as a Minotaur Fighter on Nov 21, 2023.
             Was a Priest of Trog.
             Slain by a komodo dragon (6 damage)
             ... while petrified by a basilisk
             ... on level 1 of the Lair of Beasts.
             The game lasted 00:22:29 (12412 turns).

ChronoRanger the Spear-Bearer (Minotaur Fighter)   Turns: 12412, Time: 00:22:30

Health: -3/103     AC: 12    Str: 25    XL:     11   Next: 75%
Magic:  0/10       EV:  2    Int:  9    God:    Trog [***...]
Gold:   218        SH:  0    Dex: 10    Spells: 10/10 levels left

rFire   . . .        u - +1 trident (vamp)
rCold   . . .        c - +1 buckler
rNeg    + + +        i - +0 chain mail
rPois   ∞            (helmet restricted)
rElec   .            (no cloak)
rCorr   .            (no gloves)
SInv    .            (no boots)
Will    .....        e - amulet of guardian spirit Stlth
                     g - ring of the Omega Point {rPois Int+4}
HPRegen 0.37/turn    (no ring)
MPRegen 0.12/turn

%: guardian spirit
@: petrified
A: horns 2, retaliatory headbutt
a: Renounce Religion, Berserk, Trog's Hand


You were on level 1 of the Lair of Beasts.
You worshipped Trog.
Trog was most pleased with you.
You visited 2 branches of the dungeon, and saw 11 of its levels.
You also visited: Ossuary.

You collected 678 gold pieces.
You spent 460 gold pieces at shops.

Inventory:

Hand Weapons
 a - a +0 trident of freezing
 u - a +1 vampiric trident (weapon)
Armour
 c - a +1 buckler (worn)
 i - a +0 chain mail (worn)
 w - the +18 shield of the Gong {Loud rN+ Will+ rCorr EV-5}
   (You found it on level 9 of the Dungeon)

   Loud:      It is deafeningly noisy when blocking attacks.
   EV-5:      It affects your evasion (-5).
   rN+:       It protects you from negative energy.
   Will+:     It increases your willpower.
   rCorr:     It protects you from acid and corrosion.
Jewellery
 e - an amulet of guardian spirit (around neck)
 g - the ring of the Omega Point (left hand) {rPois Int+4}
   (You bought it in a shop on level 1 of the Dungeon)

   [ring of poison resistance]

   Int+4:     It affects your intelligence (+4).
   rPois:     It protects you from poison
Wands
 l - a wand of digging (10)
 t - a wand of polymorph (7)
 v - a wand of paralysis (7)
 x - a wand of flame (30)
 y - a wand of iceblast (12)
 B - a wand of light (4)
Scrolls
 b - a scroll of brand weapon
 j - 2 scrolls of revelation
 k - 9 scrolls of teleportation
 n - 2 scrolls of fog
 o - 2 scrolls of amnesia
 A - a scroll of enchant weapon {unknown}
Potions
 d - 3 potions of brilliance
 f - 2 potions of enlightenment
 h - 7 potions of curing
 p - a potion of haste
 q - a potion of magic
 r - a potion of berserk rage {unknown}
 z - 2 potions of mutation {unknown}


   Skills:
 * Level 11.6 Fighting
 - Level 14.0 Polearms
 + Level 11.5 Armour
 + Level 10.2 Shields


You had 10 spell levels left.
You didn't know any spells.
Your spell library was empty.

Dungeon Overview and Level Annotations

Branches:
Dungeon (10/15)            Temple (0/1) D:7            Lair (1/5) D:10
    Orc (0/2) D:9         Ossuary (visited)

Altars:
Ashenzari
Cheibriados
Dithmenos
Elyvilon
Fedhas
Gozag
Hepliaklqana
Kikubaaqudgha
Ru
Trog
Uskayaw
Wu Jian
Xom
Yredelemnul

Shops:
D:1 =[

Annotations:
D:4 2 transporters


Innate Abilities, Weirdness & Mutations

You have a pair of horns on your head.
You reflexively headbutt those who attack you in melee.


Message History

You hold your ground!
The elephant trunk-slaps you but does no damage.
The elephant tramples you!
* * * LOW HITPOINT WARNING * * *
You hold your ground!
The elephant trunk-slaps you but does no damage.
The komodo dragon hisses angrily.
You hear a bellow! x2
A bullfrog comes into view.
The elephant tramples you!
* * * LOW HITPOINT WARNING * * *
You are shoved backwards!
The elephant tramples you but does no damage.
The elephant trunk-slaps you but does no damage.
The bullfrog gives a loud, deep croak!
The elephant tramples you!
* * * LOW HITPOINT WARNING * * *
You are shoved backwards! 2 hell rats come into view.
The hell rat roars deafeningly! x2; You hear a deafening roar!
You hear a bellow!
You hear an angry hiss.
The elephant tramples you!
* * * LOW HITPOINT WARNING * * *
You are shoved backwards!
You hear a deafening roar!
You hear a bellow! x2; You hear an angry growl.
You hear a bellow!
You hear a deafening roar!
You hear a bellow!
The elephant tramples you!
* * * LOW HITPOINT WARNING * * *
You are shoved backwards!
The komodo dragon hisses menacingly.
The komodo dragon completely misses you.
The elephant tramples you.
* * * LOW HITPOINT WARNING * * *
You hold your ground!
The elephant trunk-slaps you but does no damage.
The hell rat bites you!
* * * LOW HITPOINT WARNING * * *
The bullfrog hits you but does no damage.
The komodo dragon bites you!
You die...

#.... ....#.# ##..#
...+.# .....#...#
....# .....##... ...#
.... #... ..# ...
#..# ##.# #.##..#
#rY#####+####.#...
#@Y.l.............
+Fl....†..<.......
#.Y...............
....................
.....................
#.##...#########.....
... #...# #..... ..
#...# #..... #.....


You could see 3 elephants, a komodo dragon, a basilisk (inner flame), a bullfrog
and a hell rat.

Vanquished Creatures
  Josephine (D:10)
  A hydra (D:10)
  A two-headed ogre (D:8)
  A cyclops (D:8)
  An ugly thing (D:8)
  3 elephants (Lair:1)
  2 vault sentinels (D:9)
  A freezing wraith (D:8)
  4 trolls
  3 wraiths (D:10)
  A vampire (D:10)
  9 yaks (D:8)
  2 wyverns (D:9)
  2 steam dragons
  2 vampire mosquitoes (D:10)
  Edmund (D:4)
  3 wargs (D:10)
  2 acid dragons
  Duvessa (D:7)
  2 orc warriors
  2 ice beasts
  3 sky beasts
  2 black bears (D:6)
  2 ogres
  2 centaurs
  3 kobold brigands
  3 elf zombies
  7 bullfrogs
  A scorpion (D:6)
  3 elf skeletons (D:5)
  10 wights
  Dowan (D:7)
  11 killer bees
  An electric eel (D:7)
  A howler monkey (D:8)
  5 gnoll boudas
  A human zombie (D:5)
  3 orc priests
  5 hounds
  An iguana (D:4)
  4 jellies
  A human skeleton (D:5)
  Terence (D:3)
  9 orc wizards
  4 mummies (Ossuary)
  20 gnolls
  4 adders
  A shadow imp (D:7)
  2 white imps
  3 ufetubi
  2 adder zombies (Ossuary)
  4 worms
  A dart slug (D:3)
  28 orcs
  5 bats
  9 endoplasms
  10 giant cockroaches
  8 goblins
  7 hobgoblins
  4 jackals
  16 kobolds
  3 quokkas
  8 ball pythons
  5 frilled lizards
  A goblin zombie (Ossuary)
  A jackal zombie (Ossuary)
  3 kobold zombies (Ossuary)
  4 orc skeletons (D:5)
  2 orc zombies (Ossuary)
  6 rats
  2 rat zombies (Ossuary)
288 creatures vanquished.

Vanquished Creatures (others)
  A wight (D:10)
1 creature vanquished.

Grand Total: 289 creatures vanquished

Notes
Turn   | Place    | Note
-------+----------+-------------------------------------------
     0 | D:1      | ChronoRanger the Minotaur Fighter began the quest for the
                  | Orb.
     0 | D:1      | Reached XP level 1. HP: 19/19 MP: 0/0
   101 | D:1      | Found Vazxaz's Armour Shoppe.
   252 | D:1      | Reached XP level 2. HP: 26/27 MP: 1/1
   306 | D:1      | Reached skill level 3 in Polearms
   593 | D:1      | Found Uriakefo's Jewellery Emporium.
   888 | D:2      | Reached XP level 3. HP: 33/33 MP: 2/2
  1710 | D:2      | Reached skill level 4 in Polearms
  1710 | D:2      | Reached XP level 4. HP: 22/40 MP: 0/3
  1823 | D:3      | Found a blossoming altar of Fedhas.
  2053 | D:3      | Noticed Terence
  2064 | D:3      | Killed Terence
  2065 | D:3      | Reached XP level 5. HP: 40/47 MP: 2/4
  2454 | D:4      | Noticed Edmund
  2461 | D:4      | Killed Edmund
  2462 | D:4      | Reached skill level 5 in Fighting
  2462 | D:4      | Reached skill level 5 in Polearms
  2462 | D:4      | Reached skill level 5 in Armour
  2462 | D:4      | Reached XP level 6. HP: 48/56 MP: 3/5
  2468 | D:4      | Reached skill level 5 in Shields
  2772 | D:4      | Found a transporter.
  2934 | D:4      | Found a transporter.
  3062 | D:4      | Reached skill level 6 in Polearms
  3062 | D:4      | Reached XP level 7. HP: 16/61 MP: 1/6
  3492 | D:5      | Entered Level 5 of the Dungeon
  3648 | D:5      | Reached skill level 7 in Polearms
  3668 | D:5      | Found a sand-covered staircase.
  3687 | Ossuary  | Entered an ossuary
  3702 | Ossuary  | Reached XP level 8. HP: 69/70 MP: 7/7
  4632 | D:5      | Found a snail-covered altar of Cheibriados.
  4633 | D:5      | Found a sacrificial altar of Ru.
  4683 | D:5      | Reached skill level 8 in Polearms
  5297 | D:6      | Reached skill level 9 in Polearms
  5400 | D:6      | Found a bloodstained altar of Trog.
  5410 | D:6      | Reached XP level 9. HP: 68/79 MP: 6/8
  5545 | D:6      | Became a worshipper of Trog the Wrathful
  5648 | D:7      | Found a staircase to the Ecumenical Temple.
  6239 | D:7      | You fall into a shaft and drop 1 floor!
  6296 | D:8      | Reached skill level 10 in Polearms
  6881 | D:7      | Noticed Duvessa
  6881 | D:7      | Noticed Dowan
  6905 | D:7      | Killed Dowan
  6913 | D:7      | Killed Duvessa
  7376 | D:8      | Noticed a two-headed ogre
  7385 | D:8      | Killed a two-headed ogre
  7386 | D:8      | Reached skill level 11 in Polearms
  7458 | D:8      | Reached XP level 10. HP: 90/90 MP: 9/9
  7475 | D:8      | Noticed a purple ugly thing
  7483 | D:8      | Killed a purple ugly thing
  7483 | D:8      | Reached * piety under Trog
  7884 | D:8      | Found an ancient bone altar of Kikubaaqudgha.
  7884 | D:8      | Found a broken altar of Ashenzari.
  7915 | D:8      | Found a shadowy altar of Dithmenos.
  7916 | D:8      | Found a hazy altar of Hepliaklqana.
  7916 | D:8      | Found an ornate altar of the Wu Jian Council.
  7916 | D:8      | Found a shimmering altar of Xom.
  7922 | D:8      | Reached skill level 12 in Polearms
  8097 | D:8      | Found a basalt altar of Yredelemnul.
  8097 | D:8      | Found an opulent altar of Gozag.
  8097 | D:8      | Found a white marble altar of Elyvilon.
  8459 | D:8      | Noticed a cyclops
  8469 | D:8      | Killed a cyclops
  8737 | D:8      | Reached ** piety under Trog
  8973 | D:9      | Identified the ring "Orak" {*Slow rN+ Int+4}
  9415 | D:9      | Reached skill level 13 in Polearms
  9415 | D:9      | Reached XP level 11. HP: 91/99 MP: 8/10
  9578 | D:9      | Found a staircase to the Orcish Mines.
  9680 | D:9      | Found a hide-covered altar of Uskayaw.
  9719 | D:9      | Reached skill level 10 in Armour
  9818 | D:9      | Reached skill level 10 in Shields
  9834 | D:9      | Reached skill level 10 in Fighting
 10070 | D:9      | Reached *** piety under Trog
 10181 | D:9      | Found the +18 shield of the Gong {Loud rN+ Will+ rCorr
                  | EV-5}
 10277 | D:10     | Entered Level 10 of the Dungeon
 10490 | D:10     | Noticed a six-headed hydra
 10504 | D:10     | Killed a six-headed hydra
 11069 | D:10     | Reached skill level 14 in Polearms
 11294 | D:10     | Found a staircase to the Lair.
 11759 | D:10     | Noticed Josephine
 11771 | D:10     | Killed Josephine
 12142 | D:1      | Bought the ring of the Omega Point {rPois Int+4} for 460
                  | gold pieces
 12328 | Lair:1   | Entered Level 1 of the Lair of Beasts
 12411 | Lair:1   | HP: 3/103 [hell rat (5)]
 12412 | Lair:1   | Slain by a komodo dragon

Illustrated notes

Levels and vault maps discovered:
D:1:      dpeg_arrival_renting, layout_loops_ring, serial_shops,
          nicolae_lakefront_shop, nicolae_shop_trees, minmay_nonomino_d4
D:2:      layout_loops_corners
D:3:      minmay_octagon_keep, layout_rooms, fedhas_altar_3, uniq_terence
D:4:      gammafunk_steamed_eel, layout_cave_pods, uniq_edmund
D:5:      layout_cave_pools, nicolae_overflow_hidden_temple,
          nicolae_ossuary_entry_catacombs, roderic_roman_lattice
D:6:      cheibrodos_helix_gallery, layout_basic, trog_ov_bears_minmay
D:7:      layout_gridville, minmay_temple_entry_waves, serial_bayou,
          serial_bayou_pond_e, serial_bayou_pond_e, serial_bayou_ford_a,
          serial_bayou_pond_d, uniq_duvessa
D:8:      nzn_winding_woodlands_medium [nzn_winding_woodlands_hourglass,
          nzn_winding_woodlands_5x15_concentric,
          nzn_winding_woodlands_5x5_cross, nzn_winding_woodlands_5x5_open_star,
          nzn_winding_woodlands_center_diamonds,
          nzn_winding_woodlands_5x5_closed_star,
          nzn_winding_woodlands_5x5_checkerboard,
          nzn_winding_woodlands_5x15_crooked,
          nzn_winding_woodlands_5x5_default], layout_basic,
          nicolae_overflows_in_rows
D:9:      layout_cave_pods, eat_drink_and_be_merry_uskayaw, hiddenorc1_lemuel,
          hellmonk_guarded_unrand_gong
D:10:     layout_irregular_city, erik_lair_orcish_takeover, uniq_josephine
Lair:1:   layout_regular_city, portal_ice_cave_entry_imps, grunt_megastairs_3,
          serial_bayou_shore_a

Skill      XL: |  1  2  3  4  5  6  7  8  9 10 11 |
---------------+----------------------------------+-----
Polearms       | 3 4 5 6 7 9 11 13 14 | 14.0
Fighting       | 4 5 6 7 8 9 11 | 11.6
Shields        | 4 5 6 7 8 9 10 | 10.2
Armour         | 4 5 6 7 8 9 11 | 11.5

Action                     |  1- 3 |  4- 6 |  7- 9 | 10-12 || total
---------------------------+-------+-------+-------+-------++-------
  Melee: Trident           |   107 |   128 |   359 |   550 ||  1144
         Headbutt          |    10 |    19 |    63 |   102 ||   194
 Invoke: Berserk           |       |       |       |     1 ||     1
  Evoke: Wand              |       |       |     1 |       ||     1
    Use: Scroll            |       |     3 |     8 |     7 ||    18
         Potion            |       |     2 |     3 |     8 ||    13
 Armour: Scale mail        |    17 |       |       |       ||    17
         Chain mail        |    22 |    61 |   259 |   423 ||   765
  Dodge: Dodged            |    27 |    34 |   123 |   151 ||   335
  Block: Buckler           |    13 |    23 |    65 |   142 ||   243

Table legend: (Time is in decaauts)
 A = Elapsed time spent in this place.
 B = Non-inter-level travel time spent in this place.
 C = Inter-level travel time spent in this place.
 D = Time resting spent in this place.
 E = Time spent auto-exploring this place.
 F = Levels seen in this place.
 G = Mean time per level.
                   A        B        C        D        E       F      G
               +--------+--------+--------+--------+--------+-----+--------+
         Total |  12223 |  11565 |    658 |    570 |   8934 |  12 | 1018.6 |
       Dungeon |  11837 |  11179 |    658 |    570 |   8696 |  10 | 1183.7 |
          Lair |     69 |     69 |      0 |      0 |     15 |   1 |   69.0 |
       Ossuary |    316 |    316 |      0 |      0 |    223 |   1 |  316.0 |
               +--------+--------+--------+--------+--------+-----+--------+

Top non-repeatable levels by time:
     D:8: 1969 daAuts
    D:10: 1704 daAuts
     D:7: 1517 daAuts
     D:9: 1202 daAuts
     D:4: 1156 daAuts
     D:5: 1146 daAuts
     D:2: 1042 daAuts
     D:1: 840 daAuts
     D:6: 659 daAuts
     D:3: 597 daAuts
 Ossuary: 316 daAuts
  Lair:1: 69 daAuts
